 Dungeon Crawl Stone Soup version 0.27-a0-1273-gec92ba881d (webtiles) character file.

Game seed: 4946737394732845008

196 Strat the Poker (level 5, -4/42 HPs)
             Began as a Merfolk Hunter on June 11, 2021.
             Splashed by a jelly's acid (9 damage)
             ... on level 4 of the Dungeon.
             The game lasted 00:06:55 (4583 turns).

Strat the Poker (Merfolk Hunter)                    Turns: 4583, Time: 00:06:57

Health: -4/42      AC: -10   Str: 13    XL:     5   Next: 75%
Magic:  5/5        EV: 12    Int: 10    God:
Gold:   132        SH:  0    Dex: 15    Spells: 4/4 levels left

rFire    . . .     SeeInvis .   b - +0 spear
rCold    + . .     Faith    .   (no shield)
rNeg     . . .     Spirit   .   o - +0 ring mail
rPois    .         Reflect  .   (no helmet)
rElec    .         Harm     .   r - +0 cloak
rCorr    .         Rampage  .   (no gloves)
Will     .....                  (no boots)
Stlth    +.........             (no amulet)
HPRegen  0.14/turn              m - ring of protection from cold
MPRegen  0.09/turn              (no ring)

@: corroded
A: (nimble swimmer 2), mertail
a: no special abilities


You were on level 4 of the Dungeon.
You visited 1 branch of the dungeon, and saw 4 of its levels.

You collected 132 gold pieces.

Inventory:

Hand Weapons
 a - a +1 hunting sling of freezing
 b - a +0 spear (weapon)
Missiles
 d - 17 sling bullets
 e - 47 stones (quivered)
 f - 18 poisoned darts
Armour
 c - a +0 leather armour
 o - a +0 ring mail (worn)
 r - a +0 cloak (worn)
Jewellery
 m - a ring of protection from cold (left hand)
Potions
 g - a potion of mutation
 h - a potion of heal wounds {unknown}
 p - a potion of cancellation
 q - a potion of curing
 t - 2 potions of lignification {unknown}


   Skills:
 - Level 4.1 Fighting
 + Level 5.1 Polearms
 - Level 3.2 Slings
 - Level 4.0 Dodging
 - Level 1.1 Stealth


You had 4 spell levels left.
You didn't know any spells.
Your spell library contained the following spells:

 Spells                   Type           Power      Damage    Failure   Level
 Magic Dart               Conj           0%         1d3       63%         1


Dungeon Overview and Level Annotations

Branches:
Dungeon (4/15)
 Temple: D:4-7

Altars:
Kikubaaqudgha
Qazlal
Sif Muna
Vehumet

Shops:
D:1 ?


Innate Abilities, Weirdness & Mutations

((You are quick and stealthy near water. (Stealth+, EV+, Speed+++)))
Your lower body shifts to a powerful aquatic tail in water.


Message History

You now have 132 gold pieces (gained 14).
h - a fuming emerald potion A jelly comes into view.
You hear the rusting of a very distant drain.
The jelly jiggles.
You see here a wand of acid (5).
You reach to attack!
You completely miss the jelly. You hit the jelly.
Your hands burn!
The jelly is lightly wounded.
The jelly completely misses you.
You hit the jelly.
Your hands burn!
The jelly is moderately wounded.
The jelly hits you. The acid corrodes you!
You are splashed with acid!
You hit the jelly.
Your hands burn!
The jelly is heavily wounded.
The jelly barely misses you.
You hit the jelly but do no damage. The acid corrodes you!
Your hands burn!
* * * LOW HITPOINT WARNING * * *
The jelly is heavily wounded.
You hit the jelly.
Your hands burn!
* * * LOW HITPOINT WARNING * * *
The jelly is heavily wounded.
The jelly misses you.
You completely miss the jelly.
The jelly is heavily wounded.
The jelly hits you.
* * * LOW HITPOINT WARNING * * *
The acid corrodes you!
You are splashed with acid!
* * * LOW HITPOINT WARNING * * *
You hit the jelly but do no damage.
Your hands burn!
* * * LOW HITPOINT WARNING * * *
The jelly is heavily wounded.
The jelly barely misses you.
You hit the jelly but do no damage.
Your hands burn!
* * * LOW HITPOINT WARNING * * *
The jelly is heavily wounded.
The jelly hits you.
* * * LOW HITPOINT WARNING * * *
The acid corrodes you!
You are splashed with acid!
You die...

######### ###
#.......####.##
#####.##..........##
......)..##.##.....##
.#.##.#####.#.......##
...##................#
.####.#######†......##
.####.# ##..@..##
......# ##.J.##
#.##### ##.## ...# .
#># ...##.. ..#
#<..... .## #..##... .
...# ... #. ##.# ##


You could see a jelly.

Vanquished Creatures
  A black bear (D:3)
  An adder (D:2)
  A white imp (D:3)
  3 dart slugs
  4 orcs (D:3)
  9 bats
  4 endoplasms
  4 giant cockroaches
  8 goblins
  6 hobgoblins
  4 jackals
  10 kobolds
  A quokka (D:4)
  6 ball pythons
  5 frilled lizards
  4 rats
71 creatures vanquished.

Notes
Turn   | Place    | Note
-------+----------+-------------------------------------------
     0 | D:1      | Strat the Merfolk Hunter began the quest for the Orb.
     0 | D:1      | Reached XP level 1. HP: 16/16 MP: 1/1
    16 | D:1      | Found Celoas's Magic Scroll Emporium.
   210 | D:1      | Reached XP level 2. HP: 23/23 MP: 2/2
   699 | D:1      | Reached XP level 3. HP: 26/29 MP: 3/3
  1803 | D:2      | Reached XP level 4. HP: 15/37 MP: 4/4
  2137 | D:2      | Found a faded altar of an unknown god.
  2949 | D:3      | Reached skill level 1 in Polearms
  3371 | D:3      | Reached skill level 2 in Polearms
  3418 | D:3      | Found a radiant altar of Vehumet.
  3420 | D:3      | Identified Vehumet's Guide on Confrontation
  3425 | D:3      | Found an ancient bone altar of Kikubaaqudgha.
  3426 | D:3      | Found a shimmering blue altar of Sif Muna.
  3582 | D:3      | Found a stormy altar of Qazlal.
  3864 | D:3      | Noticed a black bear
  4156 | D:3      | Killed a black bear
  4157 | D:3      | Reached skill level 5 in Polearms
  4157 | D:3      | Reached XP level 5. HP: 42/42 MP: 5/5
  4583 | D:4      | Splashed by a jelly's acid

Illustrated notes

Levels and vault maps discovered:
D:1:      ebering_trefoil_twist, layout_loops_corners, serial_shops,
          nicolae_shop_crystal, minmay_misc_feat_alley
D:2:      layout_basic, hellmonk_ecumenical_altar_leap_of_faith,
          grunt_decor_junction
D:3:      layout_basic, grunt_temple_overflow_magic_moments,
          lemuel_coloured_pillars_altar, kennysheep_generic_room_11
D:4:      layout_loops_cross, gup_sewer_entry_bubbles, uniq_duvessa

Skill      XL: |  1  2  3  4 |
---------------+-------------+-----
Fighting       | 3 4 |  4.1
Dodging        | 3 4 |  4.0
Polearms       | 5 |  5.1
Slings         | |  3.2
Stealth        | |  1.1

Action                   |  1- 3 |  4- 6 || total
-------------------------+-------+-------++-------
Melee: Short sword       |   152 |    28 ||   180
       Spear             |       |   100 ||   100
       Dagger            |       |     3 ||     3
 Fire: Hunting sling     |    21 |    12 ||    33
  Use: Scroll            |       |     6 ||     6
 Stab: Sleeping          |     2 |       ||     2
Armor: Leather armour    |    25 |       ||    25
       Ring mail         |    24 |    40 ||    64
Dodge: Dodged            |   120 |    60 ||   180

Table legend: (Time is in decaauts)
 A = Elapsed time spent in this place.
 B = Non-inter-level travel time spent in this place.
 C = Inter-level travel time spent in this place.
 D = Time resting spent in this place.
 E = Time spent auto-exploring this place.
 F = Levels seen in this place.
 G = Mean time per level.
                   A        B        C        D        E       F      G
               +--------+--------+--------+--------+--------+-----+--------+
         Total |   4586 |   4475 |    111 |    504 |   3218 |   4 | 1146.5 |
       Dungeon |   4586 |   4475 |    111 |    504 |   3218 |   4 | 1146.5 |
               +--------+--------+--------+--------+--------+-----+--------+

Top non-repeatable levels by time:
     D:3: 1681 daAuts
     D:2: 1362 daAuts
     D:1: 1281 daAuts
     D:4: 261 daAuts
